 Dungeon Crawl Stone Soup version 0.31.0-32-g396128a36d (webtiles) character file.

Game seed: 18120982442121484221

17 spaghetti the Slasher (level 2, 0/28 HPs)
             Began as a Naga Chaos Knight on Mar 22, 2024.
             Was a Plaything of Xom.
             Slain by a quokka (3 damage)
             ... on level 1 of the Dungeon.
             The game lasted 00:00:32 (306 turns).

spaghetti the Slasher (Naga Chaos Knight)            Turns: 306, Time: 00:00:32

Health: 0/28       AC:  4    Str: 14    XL:     2   Next: 62%
Magic:  2/2        EV:  9    Int: 12    God:    Xom [...*..]
Gold:   18         SH:  0    Dex: 10    Spells: 1/1 levels left

rFire   . . .        a - +0 falchion (chaos)
rCold   . . .        (no shield)
rNeg    . . .        b - +2 leather armour
rPois   +            (no helmet)
rElec   .            (no cloak)
rCorr   .            (no gloves)
SInv    +            (no barding)
Will    .....        (no amulet)
Stlth   +            (no ring)
HPRegen 0.24/turn    (no ring)
MPRegen 0.08/turn

%: no passive effects
@: brilliant, short of breath, very slow
A: AC +0, large, see invisible, deformed body, poison resistance, slowness 2,
spit poison 1, naga tail 1
a: Spit Poison, Renounce Religion


You were on level 1 of the Dungeon.
You worshipped Xom.
You were a favourite toy of Xom.
You visited 1 branch of the dungeon, and saw 1 of its levels.

You collected 18 gold pieces.

Inventory:

Hand Weapons
 a - a +0 falchion of chaos (weapon)
Armour
 b - a +2 leather armour (worn)
Scrolls
 d - a scroll of immolation {unknown}


   Skills:
 - Level 3.2 Fighting
 + Level 3.3 Long Blades
 - Level 1.8 Armour
 - Level 1.0 Dodging


You had one spell level left.
You didn't know any spells.
Your spell library was empty.

Dungeon Overview and Level Annotations

Branches:
Dungeon (1/15)

Altars:


Innate Abilities, Weirdness & Mutations

Your serpentine skin is tough. (AC +0)
You have supernaturally acute eyesight. (SInv)
Armour fits poorly on your strangely shaped body.
Your system is resistant to poisons. (rPois)
You cover ground very slowly.
You can spit poison.
You have a snake-like lower body.


Message History

Your butterfly disappears in a burst of colours!
A quokka comes into view.
Something completely misses your butterfly.
Your butterfly blinks! x3
Something completely misses your butterfly.
Your butterfly blinks! x3
Your butterfly blinks!
The quokka blinks!
The quokka bites you but does no damage.
You barely miss the quokka.
The quokka blinks! x2
Your butterfly blinks!
The translocation energy dissipates.
Your butterfly disappears in a burst of colours!
The quokka misses your butterfly. The rat attacks as it pursues you!
The rat bites you.
* * * LOW HITPOINT WARNING * * *
The jackal bites your butterfly.
Your butterfly dies!
Your butterfly disappears in a burst of colours! "Go forth and cause havoc, mortal!"
You feel clever all of a sudden. The rat bites you but does no damage.
Your butterfly disappears in a burst of colours!
The rat attacks as it pursues you! The rat closely misses you.
You hit the rat.
You kill the rat!
The jackal barely misses your butterfly.
The quokka bites you.
* * * LOW HITPOINT WARNING * * *
The jackal barely misses your butterfly.
Aiming: Spit Poison (2% risk of failure)
Press: ? - help, Shift-Dir - straight line, f - quokka
Aim: a quokka (45% to hit)
The splash of poison misses the quokka.
The splash of poison misses the jackal.
The splash of poison hits the jackal.
The jackal is poisoned.
The jackal is severely wounded.
The quokka bites you.
* * * LOW HITPOINT WARNING * * *
The quokka bites you.
You die...

#.§....#.....
♣♣♣#####...#......#.. ##..
♣♣♣~PP~P~~P.........#.. ...#
♣♣♣~~P~~P~b~..........# .##..#
♣♣PP≈~~~~~~b~P..#..b.... ..#...
♣~~P≈~~~~~bPb.h.+......# #.#..#
♣~~≈≈≈≈≈≈~PPbb..#......# #.#..#
♣~P≈≈≈≈≈~~bP.rrh#......###.#..#
♣~≈≈≈≈≈≈~PPPbb@.# #...........#
♣♣P≈≈≈~~~~~P~...# ####.###.##..
♣♣≈≈≈~~~P~~~...######.# #.#...
♣P≈~≈~~~~~~~.........# #.####
♣♣~~~~~~~~~P....###### #.#...
♣♣♣♣♣###..[....# #.....
#.####### #.#### #.# ### #.#
######


You could see 2 quokkas and 2 jackals.

Vanquished Creatures
  An endoplasm (D:1)
  A giant cockroach (D:1)
  A goblin (D:1)
  2 jackals (D:1)
  2 kobolds (D:1)
  2 quokkas (D:1)
  A ball python (D:1)
  2 bats (D:1)
  A frilled lizard (D:1)
  4 rats (D:1)
17 creatures vanquished.

Notes
Turn   | Place    | Note
-------+----------+-------------------------------------------
     0 | D:1      | spaghetti the Naga Chaos Knight began the quest for the
                  | Orb.
     0 | D:1      | Reached XP level 1. HP: 21/21 MP: 1/1
    48 | D:1      | XOM: divination: magic mapping
    75 | D:1      | XOM: snakes to sticks
   126 | D:1      | Reached skill level 1 in Dodging
   131 | D:1      | Reached XP level 2. HP: 24/28 MP: 2/2
   250 | D:1      | XOM: 1-stop teleportation journey
   284 | D:1      | XOM: noise
   294 | D:1      | XOM: cast spell 'Disjunction'
   303 | D:1      | XOM: potion effect (brilliance)
   306 | D:1      | Slain by a quokka

Illustrated notes

Levels and vault maps discovered:
D:1:      sevenhm_arrival_forest_fort_large_2, layout_basic, serial_shops, shop,
          serial_bayou, serial_bayou_shore_a, serial_bayou_lagoon_a,
          serial_bayou_pond_e, serial_bayou_lagoon_b, minmay_heptomino_l4

Skill      XL: |  1 |
---------------+----+-----
Dodging        | 1 |  1.0
Fighting       | |  3.2
Long Blades    | |  3.3
Armour         | |  1.8

Action                     || total
---------------------------++-------
  Melee: Falchion          ||    42
Ability: Spit Poison       ||     2
    Use: Scroll            ||     1
 Armour: Leather armour    ||    52
  Dodge: Dodged            ||    27
